AoeStats
← Domm21

QS Arena

503237386Analyzed
4v4 RM · 1mo ago on Aug 30, 2026· 39m 57s· 8 players
Game mode
Random Map
Map size
Large (8 player)
Population
200
Speed
Normal
Resources
Standard
Victory
Conquest
Starting age
Dark Age
Ending age
Imperial Age
RankedLock teamsTeams togetherTeam positionsShared explorationLock speedFull tech treeHidden civsTurbo modeCheats
Victory
Defeat
🇲🇽 Tatars · Mexico
1063
+15
1060
+15
🇸🇰 Italians · Slovakia
1060
+15
🇺🇸 Hindustanis · United States
1017
+17
🇨🇱 Muisca · Chile
1096
-18
🇨🇱 Mapuche · Chile
1039
-15
🇨🇱 Maya · Chile
1035
-15
🇨🇱 Byzantines · Chile
958
-12
PACS ._.
8:59 Feudal Age
13:58 Castle Age
14:37 Champi Runner
15:20 Scale Mail Armor
15:30 Forging
16:29 Champi Warrior
18:45 Town Watch
21:31 Horse Collar
31:05 Fletching
31:16 Padded Archer Armor
31:26 Elite Skirmisher
33:37 Bodkin Arrow
33:58 Leather Archer Armor
35:51 Ballistics
anonim
2:15 Loom
10:17 Feudal Age
14:49 Castle Age
15:40 Double-Bit Axe
15:38 Horse Collar
16:52 Heavy Plow
17:05 Bow Saw
21:28 Ballistics
21:06 Fletching
21:16 Padded Archer Armor
21:06 Elite Skirmisher
25:42 Thumb Ring
27:22 Bodkin Arrow
27:42 Leather Archer Armor
32:23 Imperial Age
34:18 Chemistry
33:20 Bracer
33:50 Ring Archer Armor
33:46 Conscription
34:17 Elite Plumed Archer
Domm21
1:52 Loom
9:26 Feudal Age
17:29 Castle Age
17:53 Pikeman
21:09 Scale Mail Armor
21:21 Forging
31:10 Wheelbarrow
30:18 Horse Collar
36:49 Imperial Age
34:24 Heavy Plow
34:20 Gold Mining
Desaví
1:06 Loom
11:10 Feudal Age
17:24 Castle Age
16:10 Horse Collar
16:19 Double-Bit Axe
19:16 Wheelbarrow
28:05 Forging
28:47 Scale Barding Armor
28:52 Scale Mail Armor
36:00 Pikeman
36:43 Squires
Gonnar
6:29 Loom
9:37 Feudal Age
13:13 Castle Age
12:07 Double-Bit Axe
12:05 Horse Collar
15:37 Fletching
16:26 Bodkin Arrow
18:01 Scale Barding Armor
25:01 Forging
26:38 Silk Armor
30:02 Wheelbarrow
32:49 Imperial Age
30:40 Bodkin Arrow
30:47 Bodkin Arrow
30:52 Padded Archer Armor
31:54 Iron Casting
31:33 Bow Saw
34:23 Chain Barding Armor
34:59 Conscription
34:05 Light Cavalry
35:37 Husbandry
35:01 Hussar
36:31 Bloodlines
38:22 Plate Barding Armor
38:48 Blast Furnace
Dejavu
8:28 Feudal Age
12:17 Castle Age
10:13 Horse Collar
13:16 Heavy Plow
17:56 Forging
20:35 Gold Mining
22:27 Husbandry
22:39 Bloodlines
22:55 Light Cavalry
23:45 Scale Barding Armor
27:58 Wheelbarrow
27:09 Loom
29:34 Chain Barding Armor
33:05 Imperial Age
31:34 Iron Casting
33:16 Hussar
34:57 Blast Furnace
34:33 Plate Barding Armor
34:14 Siege Elephant
36:53 Chemistry
38:05 Hand Cart
DieHard
7:07 Loom
10:27 Feudal Age
12:54 Double-Bit Axe
13:44 Horse Collar
16:10 Castle Age
14:19 Gold Mining
14:39 Double-Bit Axe
16:41 Wheelbarrow
20:32 Imperial Age
22:17 Chemistry
24:42 Hand Cart
30:41 Heavy Plow
33:34 Fletching
34:20 Crop Rotation
34:01 Bow Saw
34:28 Treadmill Crane
36:08 Conscription
37:31 Pirotechnia
37:38 Bloodlines
37:31 Husbandry
37:38 Town Watch
38:08 Cavalier
39:26 Ballistics
Bristlak z teba narobi pretlak
8:24 Feudal Age
13:36 Castle Age
13:14 Horse Collar
15:07 Loom
18:41 Heavy Plow
21:19 Herbal Medicine
25:48 Imperial Age
23:11 Double-Bit Axe
23:42 Scale Mail Armor
25:47 Forging
25:35 Arson
25:50 Squires
27:36 Wheelbarrow
27:25 Chain Mail Armor
28:29 Iron Casting
28:36 Plate Mail Armor
32:57 Blast Furnace
32:15 Hand Cart
33:47 Conscription
33:47 Fletching
36:41 Elite Obuch
36:47 Elite Obuch
Connection lost

Rejoining the realm…

Still unreachable

The connection could not be restored.

Session expired

The server has moved on; the page needs a fresh start.